 Dungeon Crawl Stone Soup version 0.31-a0-506-g3d79149578 (webtiles) character file.

Game seed: 14075079766742021502

49 Ethylacetat the Slasher (level 3, 0/25 HPs)
             Began as an Octopode Gladiator on Aug 8, 2023.
             Slain by a phantom (8 damage)
             ... on level 3 of the Dungeon.
             The game lasted 00:01:57 (1171 turns).

Ethylacetat the Slasher (Octopode Gladiator)        Turns: 1171, Time: 00:01:58

Health: 0/25       AC:  1    Str: 13    XL:     3   Next: 77%
Magic:  3/3        EV: 14    Int: 10    God:
Gold:   163        SH:  0    Dex: 15    Spells: 2/2 levels left

rFire   . . .        a - +0 long sword
rCold   . . .        (no shield)
rNeg    . . .        b - +0 hat
rPois   .            (no amulet)
rElec   .            (no ring)
rCorr   .            (no ring)
SInv    .            (no ring)
Will    .....        (no ring)
Stlth   +++          (no ring)
HPRegen 0.24/turn    (no ring)
MPRegen 0.08/turn    (no ring)
                     (no ring)

%: no passive effects
@: no status effects
A: almost no armour, amphibious, 8 rings, camouflage 1, gelatinous body 1,
(nimble swimmer 1), tentacles
a: no special abilities


You were on level 3 of the Dungeon.
You visited 1 branch of the dungeon, and saw 3 of its levels.

You collected 163 gold pieces.

Inventory:

Hand Weapons
 a - a +0 long sword (weapon)
 o - a +1 whip of venom
Missiles
 c - 3 throwing nets (quivered)
 d - a javelin
Armour
 b - a +0 hat (worn)
Jewellery
 e - an amulet of regeneration
Scrolls
 f - 2 scrolls of teleportation {unknown}
 i - a scroll of immolation {unknown}
 l - a scroll of amnesia {unknown}
 n - a scroll of enchant armour {unknown}
Potions
 g - a potion of heal wounds {unknown}
 h - a potion of mutation {unknown}
 j - a potion of haste {unknown}
 k - a potion of brilliance {unknown}
 m - a potion of curing {unknown}


   Skills:
 + Level 2.5 Fighting
 + Level 3.4 Long Blades
 - Level 2.0 Throwing
 + Level 3.4 Dodging
 + Level 2.2 Stealth


You had 2 spell levels left.
You didn't know any spells.
Your spell library contained the following spells:

 Spells                   Type           Power      Damage    Failure   Level
 Leda's Liquefaction      Hex/Erth       0%         N/A       98%         4
 Lee's Rapid Deconstruct  Erth           0%         3d4*      100%        5
 Leda's Unmaking          Conj/Erth      0%         9d1       100%        6


Dungeon Overview and Level Annotations

Branches:
Dungeon (3/15)

Altars:

Shops:
D:1 =


Innate Abilities, Weirdness & Mutations

You cannot wear most types of armour.
You are amphibious.
You can wear up to eight rings at the same time.
Your skin changes colour to match your surroundings (Stealth+).
Your rubbery body absorbs attacks. (AC +1, EV +1)
((You are camouflaged when in or above water. (Stealth+)))
You have tentacles for arms and can constrict up to eight enemies at once.


Message History

Found a stone staircase leading down.
There is an escape hatch in the floor here.
The helpless orc fails to defend itself.
You hit the orc.
The orc is poisoned.
Your grab misses the orc.
The orc is heavily wounded.
The orc barely misses you.
You hit the orc.
You kill the orc!
The phantom hits you.
The phantom blinks!
You blink.
You hit the phantom.
The phantom is lightly damaged.
The phantom hits you.
The phantom blinks!
You blink.
You hit the phantom. You squeeze the phantom.
The phantom is moderately damaged.
The phantom hits you!
You closely miss the phantom. Your squeeze misses the phantom.
The phantom is moderately damaged.
The phantom closely misses you. The phantom barely misses you.
You barely miss the phantom. Your squeeze misses the phantom.
The phantom is moderately damaged.
The phantom misses you.
You hit the phantom. Your squeeze misses the phantom.
The phantom is moderately damaged.
The phantom hits you.
You barely miss the phantom.
The phantom is moderately damaged.
The phantom barely misses you.
Your +1 whip of venom stops dripping with poison.
a - a +0 long sword (weapon)
You hit the phantom.
The phantom is heavily damaged.
The phantom completely misses you. The phantom hits you.
* * * LOW HITPOINT WARNING * * *
You closely miss the phantom.
The phantom is moderately damaged.
The phantom barely misses you.
You barely miss the phantom.
The phantom is moderately damaged.
The phantom hits you!
You die...

###.##.####.## .# .# #
....###...#..###.# ..##.#
#..###.##.##.#..)# #......
#<..#.###........#####.....##.
.....## #....................
.#.#######.#.#.##...#......#
...........#.#.............##
...#########.>..............#
...# #######...@.!.....)..##..
. .# .......†.W..$....>§......
. .. ######....#....#...#.##..
#.#.##....##.## #
#.#.#####.##.# #.#.# #.##.#
#.#.. ...>.. ..... .....#
..###. #.####


You could see a phantom.

Vanquished Creatures
  2 adders (D:2)
  An orc (D:3)
  4 ball pythons
  3 bats
  4 endoplasms
  A giant cockroach (D:1)
  A goblin (D:2)
  2 hobgoblins
  A quokka (D:3)
  2 frilled lizards (D:2)
  6 kobolds
  A rat (D:1)
28 creatures vanquished.

Notes
Turn   | Place    | Note
-------+----------+-------------------------------------------
     0 | D:1      | Ethylacetat the Octopode Gladiator began the quest for the
                  | Orb.
     0 | D:1      | Reached XP level 1. HP: 14/14 MP: 1/1
   122 | D:1      | Reached skill level 1 in Stealth
   122 | D:1      | Reached XP level 2. HP: 19/19 MP: 2/2
   212 | D:1      | Found Ybaequ's Jewellery Boutique.
   673 | D:2      | Reached XP level 3. HP: 8/25 MP: 3/3
  1157 | D:3      | Noticed a phantom
  1171 | D:3      | Slain by a phantom

Illustrated notes

Levels and vault maps discovered:
D:1:      amcnicky_arrival_wind_blow, layout_loops_ring, serial_shops,
          nicolae_shop_trees
D:2:      layout_rooms
D:3:      layout_loops_ring, tgw_kikubaaqudgha,
          shapermc_ecumenical_altar_mp_urbaneastern

Skill      XL: |  1  2  3 |
---------------+----------+-----
Stealth        | 1 2 |  2.2
Fighting       | |  2.5
Long Blades    | |  3.4
Throwing       | |  2.0
Dodging        | |  3.4

Action                     || total
---------------------------++-------
  Melee: Long sword        ||    53
         Constrict         ||    12
         Tentacles         ||    10
         Whip              ||     8
   Stab: Sleeping          ||     5
 Armour: Skin              ||     6
  Dodge: Dodged            ||    49

Table legend: (Time is in decaauts)
 A = Elapsed time spent in this place.
 B = Non-inter-level travel time spent in this place.
 C = Inter-level travel time spent in this place.
 D = Time resting spent in this place.
 E = Time spent auto-exploring this place.
 F = Levels seen in this place.
 G = Mean time per level.
                   A        B        C        D        E       F      G
               +--------+--------+--------+--------+--------+-----+--------+
         Total |   1182 |   1165 |     17 |     70 |    880 |   3 |  394.0 |
       Dungeon |   1182 |   1165 |     17 |     70 |    880 |   3 |  394.0 |
               +--------+--------+--------+--------+--------+-----+--------+

Top non-repeatable levels by time:
     D:1: 610 daAuts
     D:2: 497 daAuts
     D:3: 75 daAuts
